 Dungeon Crawl Stone Soup version 0.28.0-55-gcd9437bce4 (webtiles) character file.

Game seed: 16629802660080996369

388 jjjjhere the Skirmisher (level 6, -5/55 HPs)
             Began as a Demonspawn Brigand on Jan 15, 2023.
             Was an Initiate of Okawaru.
             Slain by a gnoll
             ... wielding a +0 halberd
              (10 damage)
             ... on level 4 of the Dungeon.
             The game lasted 00:05:01 (5714 turns).

jjjjhere the Skirmisher (Demonspawn Brigand)        Turns: 5714, Time: 00:05:01

Health: -5/55      AC: 12    Str: 13    XL:     6   Next: 49%
Magic:  14/15      EV:  6    Int: 18    God:    Okawaru [......]
Gold:   157        SH:  0    Dex: 15    Spells: 5/5 levels left

rFire   . . .      SeeInvis .   n - +3 dagger
rCold   . . .      Faith    .   f - orb {*Rage}
rNeg    . . .      Spirit   .   i - +0 plate armour
rPois   .          Reflect  .   x - +0 helmet
rElec   .          Harm     .   c - +0 cloak
rCorr   .          Rampage  .   (no gloves)
Will    .....      Rage     20% (no boots)
Stlth   ..........              (no amulet)
HPRegen 0.18/turn               p - +6 ring of intelligence
MPRegen 0.28/turn               v - ring of magical power

@: on berserk cooldown, slowed, very slow
A: magic regeneration, sturdy frame 2
a: Renounce Religion


You were on level 4 of the Dungeon.
You worshipped Okawaru.
Okawaru was noncommittal.
You visited 2 branches of the dungeon, and saw 5 of its levels.

You collected 157 gold pieces.

Inventory:

Hand Weapons
 n - a +3 dagger (weapon)
Missiles
 d - 12 poisoned darts (quivered)
 e - 2 curare-tipped darts
 h - 6 atropa-tipped darts
Armour
 c - a +0 cloak (worn)
 f - an orb of wrath (worn)
 i - a +0 plate armour (worn)
 x - a +0 helmet (worn)
Jewellery
 p - a +6 ring of intelligence (left hand)
 v - a ring of magical power (right hand)
Wands
 o - a wand of charming (12)
Scrolls
 g - 3 scrolls of teleportation {unknown}
 l - a scroll of noise {unknown}
 m - a scroll of identify {unknown}
 q - 3 scrolls of fog {unknown}
 t - a scroll of summoning {unknown}
 w - a scroll of enchant armour {unknown}
Potions
 a - 4 potions of heal wounds {unknown}
 j - a potion of invisibility {unknown}
 k - 2 potions of brilliance {unknown}
 r - a potion of flight {unknown}
 s - 2 potions of cancellation {unknown}
 u - a potion of curing {unknown}


   Skills:
 + Level 7.0 Fighting
 - Level 1.7 Short Blades
 - Level 1.7 Throwing
 - Level 0.8 Dodging
 - Level 3.6 Stealth


You had 5 spell levels left.
You didn't know any spells.
Your spell library contained the following spells:

 Spells                   Type           Power      Damage    Failure   Level
 Conjure Flame            Conj/Fire      0%         6-21      100%        3
 Gell's Gravitas          Tloc           0%         N/A       100%        3
 Ignite Poison            Fire/Tmut/Pois 0%         N/A       100%        3
 Teleport Other           Tloc           0%         N/A       100%        3
 Sticky Flame             Conj/Fire      0%         2d3       100%        4
 Dispersal                Tloc           0%         N/A       100%        6


Dungeon Overview and Level Annotations

Branches:
Dungeon (4/15)             Temple (1/1) D:4

Altars:
Ashenzari
Cheibriados
Dithmenos
Fedhas
Gozag
Hepliaklqana
Makhleb
Nemelex Xobeh
Okawaru
Ru
Sif Muna
Trog
Vehumet
Xom
Zin
The Shining One

Shops:
D:1 =

Annotations:
D:4 2 runed translucent doors


Innate Abilities, Weirdness & Mutations

You regenerate magic rapidly.
Your movements are less encumbered by armour. (ER -4)


Message History

You kill the gnoll shaman!
Okawaru accepts your kill. The gnoll barely misses you.
You hit the gnoll.
The gnoll is heavily wounded.
The gnoll hits you but does no damage.
The gnoll hits you from afar with a +0 halberd.
You puncture the gnoll!
You kill the gnoll!
Okawaru accepts your kill.
A gnoll comes into view. It is wielding a +0 whip.
The gnoll hits you but does no damage. The gnoll hits you with a +0 halberd.
Items here: ( )) [ †.
You puncture the gnoll!
The gnoll is heavily wounded.
The gnoll hits you with a +1 antimagic spear!
* * * LOW HITPOINT WARNING * * *
You feel your power leaking away.
You puncture the gnoll!
You kill the gnoll!
Okawaru accepts your kill. The gnoll hits you but does no damage.
Your Fighting skill increases to level 7!
You puncture the gnoll!
The gnoll is severely wounded.
The gnoll hits you with a +0 whip.
* * * LOW HITPOINT WARNING * * *
The gnoll hits you with a +0 halberd!
* * * LOW HITPOINT WARNING * * *
You puncture the gnoll!
You kill the gnoll!
Okawaru accepts your kill.
You hit the gnoll but do no damage.
You are no longer berserk.
You are exhausted.
You feel yourself slow down. The gnoll hits you with a +0 halberd.
* * * LOW HITPOINT WARNING * * *
You closely miss the gnoll. The gnoll hits you with a +0 halberd!
You die...

#############
............. .......>
#####.####### #......
#...# #..... #.#.## #....
###..## # ....
##8..8###.##..
##..........)g#
#.†..>..#####@# #####
#.#8..8## #!# #...#
#.##..## #.# #.#.# #..####
#.# #.#.#
#####.##########.# #.#.#
.........#.......# #.#.#
...##.##.#.###########.#.#
.......#.......#.......#.#
....#..#.......#.#######.#


You could see a gnoll.

Vanquished Creatures
  A phantom (D:4)
  A gnoll shaman (D:4)
  An iguana (D:4)
  An orc wizard (D:4)
  A hound skeleton (D:4)
  6 gnolls
  8 adders
  An adder skeleton (D:4)
  4 worms
  2 dart slugs
  2 orcs (D:4)
  6 ball pythons
  2 bats (D:2)
  10 endoplasms
  2 giant cockroaches (D:3)
  4 goblins
  9 hobgoblins
  4 jackals (D:4)
  A quokka (D:2)
  2 frilled lizards
  7 kobolds
  6 rats
81 creatures vanquished.

Notes
Turn   | Place    | Note
-------+----------+-------------------------------------------
     0 | D:1      | jjjjhere the Demonspawn Brigand began the quest for the
                  | Orb.
     0 | D:1      | Reached XP level 1. HP: 16/16 MP: 1/1
   170 | D:1      | Found Fynni's Jewellery Emporium.
   425 | D:1      | Gained mutation: Your movements are slightly less
                  | encumbered by armour. (ER -2) [demonic ancestry]
   425 | D:1      | Reached XP level 2. HP: 23/23 MP: 2/2
   739 | D:1      | Found a faded altar of an unknown god.
   936 | D:2      | Reached skill level 3 in Fighting
  1353 | D:2      | Reached XP level 3. HP: 20/30 MP: 3/3
  1869 | D:2      | Reached skill level 4 in Fighting
  2404 | D:2      | Gained mutation: You regenerate magic rapidly. [demonic
                  | ancestry]
  2404 | D:2      | Reached XP level 4. HP: 38/38 MP: 4/4
  3311 | D:3      | Reached skill level 5 in Fighting
  4192 | D:4      | Gained mutation: Your movements are less encumbered by
                  | armour. (ER -4) [demonic ancestry]
  4192 | D:4      | Reached XP level 5. HP: 44/44 MP: 5/5
  4236 | D:4      | Found a staircase to the Ecumenical Temple.
  4248 | Temple   | Entered the Ecumenical Temple
  4451 | Temple   | Became a worshipper of Warmaster Okawaru
  4729 | D:4      | Noticed a phantom
  4886 | D:4      | Killed a phantom
  4887 | D:4      | Reached skill level 6 in Fighting
  4984 | D:4      | Found a large runed translucent door.
  5058 | D:4      | Found a large runed translucent door.
  5124 | D:4      | Reached XP level 6. HP: 53/53 MP: 6/6
  5709 | D:4      | HP: 22/79 [gnoll/+1 antimagic spear (7)]
  5711 | D:4      | Reached skill level 7 in Fighting
  5711 | D:4      | HP: 10/82 [gnoll/+0 halberd (11)]
  5714 | D:4      | Slain by a gnoll

Illustrated notes

Levels and vault maps discovered:
D:1:      tarquinn_simple_flora_water_e, layout_basic, serial_shops,
          nicolae_diamond_shop, shapermc_ecumenical_altar_petra
D:2:      layout_basic
D:3:      layout_rooms, nicolae_overflow_hidden_temple
D:4:      layout_basic, jmf_multi_god_temple2, minmay_temple_entry_glass,
          st_stairs_6, item_on_display_a
Temple:   eino_temple_rhombus

Skill      XL: |  1  2  3  4  5  6 |
---------------+-------------------+-----
Fighting       | 3 4 5 6 7 |  7.0
Short Blades   | |  1.7
Throwing       | |  1.7
Dodging        | |  0.8
Stealth        | |  3.6

Action                   |  1- 3 |  4- 6 || total
-------------------------+-------+-------++-------
Melee: Dagger            |   104 |   163 ||   267
 Stab: Sleeping          |     2 |       ||     2
Armor: Plate armour      |    45 |    88 ||   133
Dodge: Dodged            |    19 |    31 ||    50
